 Dungeon Crawl Stone Soup version 0.31-a0-986-g5e6e4ef867 (webtiles) character file.

Game seed: 15300192741985972312

141 lunkers the Cudgeller (level 5, -1/45 HPs)
             Began as a Meteoran Fighter on Nov 10, 2023.
             Was an Initiate of the Shining One.
             Slain by Grinder (2 damage)
             ... on level 3 of the Dungeon.
             The game lasted 00:02:06 (1089 turns).

lunkers the Cudgeller (Meteoran Fighter)            Turns: 1089, Time: 00:02:07

Health: -1/45      AC: 10    Str: 17    XL:     5   Next: 78%
Magic:  6/6        EV:  9    Int:  9    God:    the Shining One [......]
Gold:   159        SH:  5    Dex: 16    Spells: 4/4 levels left

rFire   . . .        a - +0 flail
rCold   . . .        c - +0 buckler
rNeg    . . .        b - +0 scale mail
rPois   .            (no helmet)
rElec   .            g - +2 cloak
rCorr   .            (no gloves)
SInv    .            (no boots)
Will    .....        (no amulet) Stlth
                     (no ring)
HPRegen 0.27/turn    (no ring)
MPRegen 0.10/turn

%: no passive effects
@: glowing
A: sense surroundings 1, otherworldly, glowing, explore regen
a: Renounce Religion


You were on level 3 of the Dungeon.
You worshipped the Shining One.
The Shining One was noncommittal.
You visited 1 branch of the dungeon, and saw 4 of its levels.

You collected 159 gold pieces.

Inventory:

Hand Weapons
 a - a +0 flail (weapon)
Armour
 b - a +0 scale mail (worn)
 c - a +0 buckler (worn)
 f - a +0 cloak
 g - a +2 cloak (worn)
Jewellery
 p - a ring of fire
Scrolls
 e - a scroll of brand weapon {unknown}
 j - 2 scrolls of teleportation {unknown}
 l - a scroll of immolation {unknown}
 n - 2 scrolls of fear {unknown}
 q - a scroll of blinking {unknown}
Potions
 d - a potion of might
 h - a potion of brilliance {unknown}
 i - 2 potions of heal wounds {unknown}
 k - 3 potions of mutation {unknown}
 m - a potion of curing {unknown}
 o - 2 potions of berserk rage {unknown}
 r - a potion of ambrosia {unknown}


   Skills:
 - Level 3.2 Fighting
 * Level 7.0 Maces & Flails
 - Level 3.2 Armour
 - Level 3.2 Shields


You had 4 spell levels left.
You didn't know any spells.
Your spell library contained the following spells:

 Spells                   Type           Power      Damage    Failure   Level
 Magic Dart               Conj           0%         1d3       86%         1
 Call Imp                 Summ           0%         N/A       95%         2
 Dazzling Flash           Conj/Hex       0%         N/A       99%         3
 Mephitic Cloud           Conj/Pois/Air  0%         N/A       99%         3
 Agony                    Necr           0%         N/A       100%        5
 Silence                  Hex/Air        0%         N/A       100%        5


Dungeon Overview and Level Annotations

Branches:
Dungeon (4/15) Zot: 1275
 Temple: D:4-7

Altars:
The Shining One

Shops:
D:2 ((!   D:3 [

Annotations:
D:3 Grinder


Innate Abilities, Weirdness & Mutations

You passively map a small area around you.
You are easily found by Zot.
You glow in the dark.
You regain HP and MP as you explore.


Message History

Grinder is almost dead.
You block Grinder's attack.
You barely miss Grinder.
Grinder is almost dead.
Grinder hits you.
You writhe in agony.
You hit Grinder but do no damage.
Grinder is almost dead.
Grinder barely misses you.
You hit Grinder but do no damage.
Grinder is almost dead.
Grinder hits you.
* * * LOW HITPOINT WARNING * * *
You writhe in agony.
* * * LOW HITPOINT WARNING * * *
Grinder says, "You look like you could use a good racking."
Grinder blinks!
Grinder gestures at you.
You suddenly lose the ability to move!
Grinder blinks!
You can move again.
Unknown command.
You are too injured to fight recklessly!
Grinder gestures at you. You resist with some effort.
You are too injured to fight recklessly!
You are too injured to fight recklessly!
You are too injured to fight recklessly!
You are too injured to fight recklessly!
Grinder gestures at you. Pain shoots through your body!
* * * LOW HITPOINT WARNING * * *
Grinder gestures at you. You resist with some effort.
You hit Grinder but do no damage.
Grinder is almost dead.
Grinder hits you!
* * * LOW HITPOINT WARNING * * *
You writhe in agony.
You die...
Grinder says, "Now the real fun starts!"

...# #.# #...##..# ...#
#.# #)..##..###.#* .(.#
#.####..[........... *
...####.##................
............>..##...##.###
* , ....................#
,# **
..#####.####...##...# ,
#.# #.# #)..##...#
#.#####.####....@...#*
.................5..#* *
#.#.###........##.#.# ,
#.#..##.####..## .#,# ,*
#.##.##........, .# ,*
#.##....####.... .. *
#######.# #..## .# * #.#
#..# .# , #.., #..# * * *


You could see Grinder.

Vanquished Creatures
  An orc priest (D:3)
  An orc wizard (D:3)
  An adder (D:2)
  A white imp (D:3)
  A worm (D:2)
  5 orcs
  9 ball pythons
  5 bats
  5 endoplasms
  2 giant cockroaches (D:3)
  4 goblins
  6 hobgoblins
  4 jackals (D:1)
  3 quokkas
  2 frilled lizards (D:3)
  4 kobolds
  7 rats (D:1)
61 creatures vanquished.

Notes
Turn   | Place    | Note
-------+----------+-------------------------------------------
     0 | D:1      | lunkers the Meteoran Fighter began the quest for the Orb.
     0 | D:1      | Reached XP level 1. HP: 19/19 MP: 2/2
    13 | D:1      | Reached skill level 3 in Maces & Flails
    36 | D:1      | Reached XP level 2. HP: 26/26 MP: 3/3
    48 | D:1      | Found a faded altar of an unknown god.
   144 | D:1      | Reached skill level 4 in Maces & Flails
   205 | D:1      | Reached XP level 3. HP: 27/31 MP: 4/4
   396 | D:2      | Found Ycri's Weapon Shop.
   411 | D:2      | Reached skill level 5 in Maces & Flails
   431 | D:2      | Found Beurgh's Antique Weapon Shop.
   431 | D:2      | Found Amuem's Antique Armour Shop.
   442 | D:2      | Reached XP level 4. HP: 38/38 MP: 5/5
   529 | D:2      | Found Yrayn's Distillery.
   549 | D:2      | You fall into a shaft and drop 2 floors!
   549 | D:4      | Found a glowing golden altar of the Shining One.
   562 | D:4      | Became a worshipper of the Shining One
   927 | D:3      | Reached skill level 6 in Maces & Flails
   927 | D:3      | Reached XP level 5. HP: 33/45 MP: 6/6
   929 | D:3      | Found Pixt's Armour Shop.
  1042 | D:3      | Reached skill level 7 in Maces & Flails
  1062 | D:3      | Noticed Grinder
  1082 | D:3      | Paralysed by Grinder for 2 turns
  1089 | D:3      | HP: 1/45 [Grinder (8)]
  1089 | D:3      | Slain by Grinder

Illustrated notes

Levels and vault maps discovered:
D:1:      onia_arrival_handbag, layout_rooms, ebering_ecumenical_altar_box
D:2:      kb_forest_paths, layout_basic, serial_shops, shop, shop, shop, shop
D:3:      minmay_inner_zag, layout_basic, serial_shops, shop,
          minmay_misc_feat_pillars, uniq_grinder
D:4:      layout_rooms, elyvilon_altar_1, mainiacjoe_overflow_small_starburst

Skill      XL: |  1  2  3  4  5 |
---------------+----------------+-----
Maces & Flails | 3 4 5 6 7 |  7.0
Fighting       | |  3.2
Armour         | |  3.2
Shields        | |  3.2

Action                     |  1- 3 |  4- 6 || total
---------------------------+-------+-------++-------
  Melee: Flail             |    95 |   101 ||   196
 Armour: Scale mail        |    64 |    61 ||   125
  Dodge: Dodged            |    45 |    40 ||    85
  Block: Buckler           |    28 |    15 ||    43

Table legend: (Time is in decaauts)
 A = Elapsed time spent in this place.
 B = Non-inter-level travel time spent in this place.
 C = Inter-level travel time spent in this place.
 D = Time resting spent in this place.
 E = Time spent auto-exploring this place.
 F = Levels seen in this place.
 G = Mean time per level.
                   A        B        C        D        E       F      G
               +--------+--------+--------+--------+--------+-----+--------+
         Total |   1123 |   1084 |     39 |      0 |    608 |   4 |  280.8 |
       Dungeon |   1123 |   1084 |     39 |      0 |    608 |   4 |  280.8 |
               +--------+--------+--------+--------+--------+-----+--------+

Top non-repeatable levels by time:
     D:1: 397 daAuts
     D:3: 389 daAuts
     D:2: 175 daAuts
     D:4: 161 daAuts
